General information
- name: DJOrwell P:| L:7
- type: Custom game
- host: DJOrwell
- saver: Miles_Edgeworth
map: EchoIsles
- players: 5
- length: 22:14
- speed: Fast
- version: 1.26 W3XP
- replay type: Public
» download(177 KB)
Players
team 1 (winner)
ghettooverlord (
blue | 198 APM | 4404 actions | 22:14)
5 Lich
3 Frost Nova
2 Dark Ritual
2 Dreadlord
1 Vampiric Aura
1 Sleep
» actions
| Assign group hotkey | 278 | |
| Basic commands | 401 | |
| Build / train | 89 | |
| ESC pressed | 9 | |
| Enter build submenu | 29 | |
| Enter hero's abilities submenu | 9 | |
| Give item / drop item | 4 | |
| Right click | 1895 | |
| Select / deselect | 876 | |
| Select group hotkey | 706 | |
| Use ability | 106 | |
4404 total
» units
| Acolyte | 13 | |
| Ghoul | 37 | |
| Frost Wyrm | 3 | |
53 total
» upgrades
| Unholy Strength | 3 | |
| Ghoul Frenzy | 1 | |
| Unholy Armor | 1 | |
5 total
» buildings
| Altar of Darkness | 1 | |
| Ziggurat | 7 | |
| Crypt | 5 | |
| Tomb of Relics | 1 | |
| Graveyard | 1 | |
| Spirit Tower | 2 | |
| Necropolis | 1 | |
| Halls of the Dead | 3 | |
| Black Citadel | 1 | |
| Sacrificial Pit | 1 | |
| Boneyard | 2 | |
| Nerubian Tower | 1 | |
26 total
» build order
00:24 Altar of Darkness
00:27 Ziggurat
00:40 Crypt
00:44 Crypt
01:13 Tomb of Relics
01:32 Graveyard
01:57 Ziggurat
03:12 Spirit Tower
04:10 Necropolis
04:24 Halls of the Dead
04:24 Halls of the Dead
04:24 Halls of the Dead
07:06 Black Citadel
11:15 Sacrificial Pit
12:38 Ziggurat
12:38 Ziggurat
12:39 Ziggurat
12:53 Boneyard
12:54 Boneyard
13:42 Spirit Tower
14:59 Ziggurat
15:13 Nerubian Tower
16:51 Crypt
16:52 Crypt
16:53 Crypt
21:58 Ziggurat
» items
| Rod of Necromancy | 3 | |
| Scroll of Healing | 3 | |
| Orb of Corruption | 3 | |
| Boots of Speed | 1 | |
| Staff of Teleportation | 1 | |
11 total
team 2 (loser)
Miles_Edgeworth (
red | 168 APM | 3733 actions | 22:14)
5 Death Knight
3 Death Coil
2 Unholy Aura
4 Lich
2 Frost Nova
2 Frost Armor
» actions
| Assign group hotkey | 42 | |
| Basic commands | 273 | |
| Build / train | 79 | |
| ESC pressed | 7 | |
| Enter build submenu | 22 | |
| Enter hero's abilities submenu | 9 | |
| Give item / drop item | 7 | |
| Right click | 1629 | |
| Select / deselect | 614 | |
| Select group hotkey | 953 | |
| Use ability | 98 | |
3733 total
» units
| Acolyte | 17 | |
| Ghoul | 3 | |
| Crypt Fiend | 17 | |
| Obsidian Statue | 1 | |
| Abomination | 3 | |
41 total
» upgrades
| Creature Attack | 3 | |
| Web | 1 | |
| Creature Carapace | 1 | |
| Destroyer Form | 1 | |
6 total
» buildings
| Crypt | 1 | |
| Graveyard | 1 | |
| Ziggurat | 8 | |
| Altar of Darkness | 1 | |
| Tomb of Relics | 1 | |
| Nerubian Tower | 1 | |
| Spirit Tower | 4 | |
| Halls of the Dead | 2 | |
| Slaughterhouse | 1 | |
| Black Citadel | 1 | |
| Sacrificial Pit | 2 | |
| Necropolis | 1 | |
24 total
» build order
00:06 Crypt
00:10 Graveyard
00:41 Ziggurat
00:57 Altar of Darkness
01:56 Ziggurat
02:00 Tomb of Relics
03:35 Nerubian Tower
03:51 Spirit Tower
04:52 Halls of the Dead
04:52 Halls of the Dead
05:18 Ziggurat
08:20 Slaughterhouse
08:49 Ziggurat
09:22 Black Citadel
10:57 Sacrificial Pit
13:31 Spirit Tower
15:53 Necropolis
16:15 Ziggurat
16:57 Ziggurat
16:57 Ziggurat
17:00 Ziggurat
19:02 Spirit Tower
19:47 Spirit Tower
20:35 Sacrificial Pit
» items
| Rod of Necromancy | 3 | |
| Boots of Speed | 1 | |
| Claws of Attack +6 | 1 | |
| Scroll of Healing | 1 | |
| Potion of Healing | 2 | |
| Scroll of Town Portal | 2 | |
| Potion of Mana | 1 | |
| Orb of Corruption | 1 | |
| Potion of Lesser Invulnerability | 1 | |
13 total
refereesDJOrwell,
Freakapie,
Flayl Chat log
(00:07 / All) ghettooverlord: You beat my ass every which way last game.
(00:11 / All) ghettooverlord: You should have won. :P
(00:16 / All) Miles_Edgeworth: not really
(00:24 / All) Miles_Edgeworth: idk how i didn't catch your first expand going up
(00:30 / All) Miles_Edgeworth: just missed my aco being attacked i guess
(00:33 / All) ghettooverlord: Yeah, 1
(00:35 / All) Flayl: you had a scout aco and everything haha
(00:35 / All) ghettooverlord: Oh, you did?
(00:37 / All) ghettooverlord: Whoops.
(00:37 / All) Miles_Edgeworth: yeah
(00:44 / All) Miles_Edgeworth: i had an aco there lol
(00:48 / All) Miles_Edgeworth: i never noticed it dying lol
(00:50 / All) ghettooverlord: I remember that much, I figured you knew.
(00:52 / All) ghettooverlord: I was ready to fight.
(00:59 / All) DJOrwell: APM NOT WPM
(01:05 / All) ghettooverlord: THE BEST PLAYERS CAN DO BOTH
(01:06 / All) ghettooverlord: NAB
(01:17 / All) ghettooverlord: auehauheh XD
(02:18 / All) ghettooverlord: Note: Do not use this build order EVER.
(02:19 / All) DJOrwell: ACOLYTE RUSH?!?!?!?!?!?!?!?!
(05:06 / All) ghettooverlord: Oops.
(05:14 / All) Freakapie: The Black Market games here, let people have a good taiiime.
(05:20 / All) ghettooverlord: lol
(05:41 / All) DJOrwell: i think miles's buildings are more aesthetically placed
(05:52 / All) ghettooverlord: MY BASE IS ART
(05:53 / All) ghettooverlord: OK
(06:04 / All) DJOrwell: minimalist modern art
(06:10 / All) Freakapie: ghetto's base is an indie base
(06:13 / All) ghettooverlord: lol
(07:19 / All) DJOrwell: sorry for that half second of lag
(07:24 / All) DJOrwell: it will never happen again
(07:25 / All) ghettooverlord: I felt nothing.
(07:30 / All) DJOrwell: ok
(07:31 / All) Freakapie: neither did i
(12:39 / All) Miles_Edgeworth: and that's why you don't run around with no tp
(12:42 / All) ghettooverlord: t.t
(12:47 / All) ghettooverlord: yeah
(13:04 / All) DJOrwell: NEEDS MORE SIMCITY
(13:05 / All) Freakapie: We should have a Color a Dinosaur tournament. yep.
(13:14 / All) ghettooverlord: Can we finish this one first
(13:15 / All) ghettooverlord: lol
(13:20 / All) Freakapie: looool
(14:26 / All) DJOrwell: okay I'm starting to get the direction behind ghetto's base
(14:39 / All) DJOrwell: the new additions really improve the aesthetic
(14:41 / All) ghettooverlord: I'll explain anything after.
(15:09 / All) DJOrwell: i think it comments on our consumer society by having the shop in the center of everything
(15:15 / All) ghettooverlord: oh snap
(20:46 / All) DJOrwell: miles's expo is a portrait of the human condition
(21:16 / All) DJOrwell: well so much for the human condition
(21:44 / All) Flayl: i dont know maybe its an alleogry on how the undead will ris up and buttfuck everyone
(21:56 / All) DJOrwell: but they're both undead
(22:12 / All) DJOrwell: is this a postmodern interpretation of humanity having meaningfully expired?
(22:13 / All) Miles_Edgeworth: |gg